 Dungeon Crawl Stone Soup version 0.26.1-11-gd32895ea62 (webtiles) character file.

Game seed: 4985716888332014091

2613 Kukuleta the Carver (level 9, -5/72 HPs)
             Began as a Formicid Fighter on July 3, 2021.
             Was a Follower of Okawaru.
             Splashed by a brown ugly thing's acid (6 damage)
             ... on level 6 of the Dungeon.
             The game lasted 00:22:45 (7417 turns).

Kukuleta the Carver (Formicid Fighter)              Turns: 7417, Time: 00:22:46

Health: -5/72      AC: 14    Str: 23    XL:     9   Next: 90%
Magic:  9/9        EV:  6    Int:  9    God:    Okawaru [*.....]
Gold:   448        SH: 11    Dex: 10    Spells: 8/8 levels left

rFire    + . .     SeeInvis +   A - +0 scimitar
rCold    x . .     Faith    .   c - +0 kite shield
rNeg     + . .     Spirit   .   w - +0 plate armour
rPois    .         Reflect  .   (helmet unavailable)
rElec    .         Harm     .   (no cloak)
rCorr    .         Rampage  .   o - +0 pair of gloves
Will     .....                  (no boots)
Stlth    ..........             (no amulet)
HPRegen  0.22/turn              s - ring of positive energy
MPRegen  0.11/turn              h - ring of fire

@: no status effects
A: permanent stasis, dig shafts and tunnels, four strong arms, antennae 3
a: Dig, Shaft Self, Renounce Religion, Heroism


You were on level 6 of the Dungeon.
You worshipped Okawaru.
Okawaru was aware of your devotion.
You visited 1 branch of the dungeon, and saw 6 of its levels.

You collected 448 gold pieces.

Inventory:

Hand Weapons
 a - a +0 long sword
 A - a +0 scimitar (weapon)
Armour
 b - a +0 scale mail
 c - a +0 kite shield (worn)
 o - a +0 pair of gloves (worn)
 w - a +0 plate armour (worn)
Jewellery
 f - an uncursed ring of protection from cold
 h - a ring of fire (right hand)
 s - a ring of positive energy (left hand)
Wands
 v - a wand of digging (5)
 y - a wand of random effects (26)
 C - a wand of iceblast (7)
Scrolls
 e - 6 scrolls of remove curse
 g - 8 scrolls of identify {unknown}
 i - 2 scrolls of amnesia {unknown}
 k - a scroll of enchant armour {unknown}
 l - a scroll of immolation {unknown}
 n - a scroll of fear {unknown}
 q - a scroll of fog {unknown}
 r - 2 scrolls of blinking {unknown}
 t - a scroll of enchant weapon {unknown}
 u - a scroll of noise {unknown}
 D - a scroll of magic mapping {unknown}
Potions
 d - 3 potions of might
 j - 2 potions of invisibility {unknown}
 m - 3 potions of heal wounds {unknown}
 p - a potion of degeneration {unknown}
 x - a potion of curing {unknown}
 z - a potion of haste {unknown}
 B - 2 potions of flight {unknown}


   Skills:
 + Level 7.1 Fighting
 * Level 8.3 Long Blades
 + Level 7.0 Armour
 + Level 7.8 Shields


You had 8 spell levels left.
You didn't know any spells.
Your spell library contained the following spells:

 Spells                   Type           Power        Failure   Level
 Sandblast                Erth           0%           100%        1
 Passwall                 Tmut/Erth      0%           100%        2
 Stone Arrow              Conj/Erth      0%           100%        3
 Petrify                  Tmut/Erth      0%           100%        4
 Lee's Rapid Deconstruct  Erth           0%           100%        5


Dungeon Overview and Level Annotations

Branches:
Dungeon (6/15)             Temple (0/1) D:6

Altars:
Okawaru
Yredelemnul


Innate Abilities, Weirdness & Mutations

You cannot be hasted, slowed, berserked, paralysed or teleported.
You can dig through walls and to a lower floor.
Your four strong arms can wield two-handed weapons with a shield.
You have a pair of large antennae on your head. (SInv)


Message History

The brown ugly thing is moderately wounded.
The brown ugly thing claws you.
You are splashed with acid.
You barely miss the brown ugly thing.
The brown ugly thing is moderately wounded.
The brown ugly thing claws you!
You are splashed with acid!
You slash the brown ugly thing!
The brown ugly thing is heavily wounded.
The brown ugly thing claws you.
You are splashed with acid!
You slash the brown ugly thing!
The brown ugly thing is heavily wounded.
The brown ugly thing claws you!
* * * LOW HITPOINT WARNING * * *
You are splashed with acid!
* * * LOW HITPOINT WARNING * * *
You slash the brown ugly thing!
The brown ugly thing is severely wounded.
The brown ugly thing claws you!
* * * LOW HITPOINT WARNING * * *
You are splashed with acid.
You die...

..## $##...####.....#
...# #........####.#
..## $##...####.....#
..# ..###........#
..## ..##.........##
.).## ##...######.#
....#####...##.u..###
........#...##$##u.#
......>.##...###@..#
#........##.......##
..........###...###
...........######
.##.......###
###.......#.##
.#...........#
##...........#
##...#......##


You could see a brown ugly thing.

Vanquished Creatures
  Pikel (D:5)
  Grinder (D:5)
  Sigmund (D:6)
  An ice beast (D:6)
  An orc warrior (D:4)
  A phantom (D:5)
  4 centaurs
  6 ogres
  A howler monkey (D:5)
  A bullfrog zombie (D:6)
  A hound (D:4)
  2 orc priests
  An iguana (D:6)
  6 orc wizards
  3 worker ants
  3 gnolls (D:3)
  8 adders
  2 shadow imps (D:5)
  3 white imps
  An ufetubus (D:6)
  2 oozes
  An adder skeleton (D:5)
  An adder zombie (D:6)
  5 worms
  4 dart slugs
  7 leopard geckos
  16 orcs
  3 bats
  5 giant cockroaches
  2 gnoll zombies (D:2)
  9 hobgoblins
  6 jackals
  12 kobolds
  A quokka (D:6)
  2 ball pythons
  A ball python zombie (D:5)
  4 frilled lizards
  7 goblins
  9 rats
145 creatures vanquished.

Notes
Turn   | Place    | Note
-------+----------+-------------------------------------------
     0 | D:1      | Kukuleta the Formicid Fighter began the quest for the Orb.
     0 | D:1      | Reached XP level 1. HP: 18/18 MP: 1/1
    60 | D:1      | Reached XP level 2. HP: 11/24 MP: 2/2
   646 | D:1      | Reached XP level 3. HP: 29/29 MP: 3/3
  1467 | D:2      | Reached XP level 4. HP: 35/37 MP: 4/4
  1709 | D:2      | Found a basalt altar of Yredelemnul.
  1767 | D:2      | Reached skill level 3 in Long Blades
  2029 | D:3      | Reached XP level 5. HP: 42/42 MP: 5/5
  3130 | D:4      | Noticed an ogre
  3139 | D:4      | Killed an ogre
  3140 | D:4      | Reached skill level 4 in Long Blades
  3140 | D:4      | Reached XP level 6. HP: 36/49 MP: 6/6
  3330 | D:4      | Noticed an ogre
  3340 | D:4      | Killed an ogre
  3341 | D:4      | Reached skill level 5 in Shields
  3742 | D:4      | Noticed an ogre
  3742 | D:4      | Noticed an ogre
  3757 | D:4      | Killed an ogre
  3758 | D:4      | Reached XP level 7. HP: 45/55 MP: 7/7
  3858 | D:4      | Reached skill level 5 in Long Blades
  4463 | D:5      | Entered Level 5 of the Dungeon
  4487 | D:3      | Reached skill level 5 in Fighting
  4487 | D:3      | Reached skill level 5 in Armour
  4868 | D:5      | Reached XP level 8. HP: 62/62 MP: 8/8
  4870 | D:5      | Noticed Pikel
  4907 | D:5      | Killed Pikel
  4908 | D:5      | Reached skill level 6 in Long Blades
  5055 | D:5      | Noticed Grinder
  5202 | D:5      | Killed Grinder
  5203 | D:5      | Reached XP level 9. HP: 63/69 MP: 9/9
  5334 | D:5      | Reached skill level 7 in Long Blades
  6617 | D:6      | Found an iron altar of Okawaru.
  6640 | D:6      | Became a worshipper of Warmaster Okawaru
  6916 | D:6      | Reached skill level 8 in Long Blades
  7308 | D:6      | Found a staircase to the Ecumenical Temple.
  7340 | D:6      | Noticed Sigmund
  7356 | D:6      | Killed Sigmund
  7358 | D:6      | Reached * piety under Okawaru
  7388 | D:6      | Noticed a brown ugly thing
  7417 | D:6      | HP: 1/72 [brown ugly thing (10)]
  7417 | D:6      | Splashed by a brown ugly thing's acid

Illustrated notes

Levels and vault maps discovered:
D:1:      kennysheep_arrival_forest, layout_rooms
D:2:      minmay_general_purpose_star, layout_basic,
          lemuel_zombie_altar_yredelemnul
D:3:      layout_basic, minmay_goblin_kobold_house
D:4:      layout_loops_ring
D:5:      layout_loops_ring, gup_sewer_entry_bubbles, guppyfry_early_orc_mine,
          uniq_pikel, uniq_grinder
D:6:      layout_cave_pools, minmay_temple_entry_hall, serial_column_ruins,
          column_ruins_hut_water, column_ruins_circle_medium,
          column_ruins_columns_water, column_ruins_open_tiny,
          column_ruins_open_medium, column_ruins_columns_corner,
          column_ruins_corridor_corner, column_ruins_corridor_straight,
          basic_altar, st_stairs_11, minmay_puff, uniq_sigmund

Skill      XL: |  1  2  3  4  5  6  7  8  9 |
---------------+----------------------------+-----
Shields        | 4 5 6 7 |  7.8
Long Blades    | 3 4 5 6 8 |  8.3
Armour         | 4 5 6 7 |  7.0
Fighting       | 4 5 6 7 |  7.1

Action                   |  1- 3 |  4- 6 |  7- 9 || total
-------------------------+-------+-------+-------++-------
Melee: Long sword        |   113 |   173 |   282 ||   568
       Scimitar          |       |       |   136 ||   136
 Abil: Dig               |       |       |     1 ||     1
  Use: Scroll            |     2 |       |       ||     2
Armor: Scale mail        |    36 |    56 |     9 ||   101
       Plate armour      |       |       |   162 ||   162
Dodge: Dodged            |    46 |    46 |    84 ||   176
Block: Kite shield       |    58 |    75 |   189 ||   322
       Rpst.: Long sword |    17 |    18 |    16 ||    51
       Scimitar          |       |       |     9 ||     9
